 Dungeon Crawl Stone Soup version 0.18-a0-1526-gcb34c7c (webtiles) character file.

50 GrosslyIncandescent the Insei (level 3, 0/29 HPs)
             Began as a Mummy Monk on Mar 8, 2016.
             Killed from afar by a dart slug (7 damage)
             ... with a slug dart
             ... on level 1 of the Dungeon.
             The game lasted 00:01:16 (4967 turns).

GrosslyIncandescent the Insei (Mummy Monk)          Turns: 4967, Time: 00:01:16

Health: 0/29       AC:  1    Str: 14    XL:     3   Next: 55%
Magic:  3/3        EV: 13    Int:  9    God:
Gold:   16         SH:  0    Dex: 15    Spells: 0 memorised, 2 levels left

rFire  x . .     SeeInvis .       - Unarmed
rCold  + . .     Gourm    .     (no armour)
rNeg   + + +     Faith    .     (no shield)
rPois  ∞         Spirit   .     (no helmet)
rElec  .         Dismiss  .     (no cloak)
rCorr  .         Reflect  .     (no gloves)
SustAt .         Harm     .     a - +0 pair of boots
MR     .....                    (no amulet)
Stlth  ++........               (no ring)
                                (no ring)

@: not resistant to hostile enchantments, unstealthy
A: no food or potions, fire vulnerability, cold resistance 1, negative energy
resistance 3, torment resistance, unbreathing
a: no special abilities


You were on level 1 of the Dungeon.
You were not hungry.

You visited 1 branch of the dungeon, and saw 1 of its levels.

You collected 16 gold pieces.


Innate Abilities, Weirdness & Mutations

You do not eat or drink.
Your flesh is vulnerable to fire.
You are immune to poison.
Your flesh is cold resistant.
You are immune to negative energy.
You are immune to unholy pain and torment.
You can survive without breathing.


   Skills:
 - Level 3.0 Fighting
 - Level 2.4 Dodging
 - Level 1.5 Stealth
 + Level 4.4 Unarmed Combat


You had 2 spell levels left.
You didn't know any spells.

Inventory:

Armour
 a - a +0 pair of boots (worn)

Dungeon Overview and Level Annotations

Branches:
Dungeon (1/15)

Altars:

.. ▒.▒..▒
▒▒▒▒.▒▒....
▒.▒▒▒▒▒.▒..▒
▒.....▒▒▒▒▒
▒.......▒..▒
▒.....
▒.......▒..▒
▒.....
▒.......▒..▒
▒.....▒▒▒▒▒
.......)w..▒
▒.)...
▒.......▒▒.▒
▒.▒▒▒▒
▒▒......▒▒.▒
............
.......KwM.▒
......▒.▒..▒
▒▒▒▒▒▒▒▒▒▒▒▒
.....g▒.▒...
..▒▒. ... ..
. ▒. ... ..
▒ ... .
..... .


You could see a dart slug and a kobold.


Message History

The ball python barely misses you!
You pulverise the ball python!
You annihilate the ball python!!!
The kobold throws a stone!
The stone hits you but does no damage!
You closely miss the giant cockroach!
The giant cockroach bites you! * * * don't die
* * * You closely miss the giant cockroach!
The giant cockroach waves its antennae!
The giant cockroach bites you! * * * don't die
* * * You closely miss the giant cockroach!
The giant cockroach closely misses you!
You pummel the giant cockroach like a punching bag!
The giant cockroach is severely wounded!
The giant cockroach misses you!
You closely miss the giant cockroach!
The giant cockroach is severely wounded!
The giant cockroach bites you but does no damage!
You closely miss the giant cockroach!
The giant cockroach is severely wounded!
The giant cockroach barely misses you!
You squash the giant cockroach like an ant!!!
You annihilate the giant cockroach!!!
The kobold throws a stone!
The stone barely misses you!
You pummel the dart slug like a punching bag!
The dart slug is heavily wounded!
You pulverise the dart slug!
The dart slug is almost dead!
The dart slug launches a dart at you! The slug dart hits you!!! rip

Action                   || total
-------------------------++-------
Melee: Unarmed           ||   122
 Stab: Sleeping          ||     2
       Distracted        ||     1

Vault maps used:
D:1:      evilmike_arrival_fibonacci_small, moated_statue, minmay_crystal_water,
          minmay_quantized

Notes
Turn   | Place    | Note
--------------------------------------------------------------
     0 | D:1      | GrosslyIncandescent the Mummy Monk began the quest for the Orb.
     0 | D:1      | Reached XP level 1. HP: 18/18 MP: 1/1
  4269 | D:1      | Reached XP level 2. HP: 21/24 MP: 2/2
  4489 | D:1      | Reached skill level 4 in Unarmed Combat
  4618 | D:1      | Reached XP level 3. HP: 29/29 MP: 3/3
  4967 | D:1      | Killed from afar by a dart slug

Vanquished Creatures
  An adder (D:1)
  An ooze (D:1)
  3 giant geckos (D:1)
  A giant cockroach (D:1)
  9 goblins (D:1)
  A ball python (D:1)
  5 bats (D:1)
  3 giant newts (D:1)
  4 kobolds (D:1)
  6 rats (D:1)
34 creatures vanquished.
